TOP OF THE 1ST |
El Paso Texans batting - Pitching for Nantucket Orcas : RHP Rafael Ruíz
|
Pitching: RHP Rafael Ruíz
|
|
Batting: LHB Mark Spencer
|
0-0: Called Strike 0-1: Fly out, F3 (Popup, 34)
|
Batting: RHB Cole Boehmer
|
0-0: Ball 1-0: Ball 2-0: Swinging Strike 2-1: Swinging Strike 2-2: Strikes out looking
|
Batting: RHB Marvin Johnson
|
0-0: Ball 1-0: Called Strike 1-1: Swinging Strike 1-2: Ball 2-2: Ball 3-2: SINGLE (Line Drive, 4D)
|
Batting: RHB José Murillo
|
0-0: Ball 1-0: Ground out 6-3 (Groundball, 6MS)
|
Top of the 1st over - 0 run(s), 1 hit(s), 0 error(s), 1 left on base; El Paso 0 - Nantucket 0 |
BOTTOM OF THE 1ST |
Nantucket Orcas batting - Pitching for El Paso Texans : RHP Fernando Guzmán
|
Pitching: RHP Fernando Guzmán
|
|
Batting: RHB Charlie Pérez
|
0-0: Fly out, F9 (Flyball, 9S)
|
Batting: RHB Fernando Álvarez
|
0-0: Ball 1-0: SINGLE (Line Drive, 4MD)
|
Batting: LHB Eugene Lee
|
0-0: Ball 1-0: Ball 2-0: Ball 3-0: Base on Balls Fernando Álvarez to second
|
Batting: RHB Mike Willis
|
0-0: Swinging Strike 0-1: Called Strike 0-2: Strikes out swinging
|
Batting: LHB Juan Lima
|
0-0: Ball 1-0: Fielders Choice at 2nd, 4-6 (Groundball, 4)
|
Bottom of the 1st over - 0 run(s), 1 hit(s), 0 error(s), 1 left on base; El Paso 0 - Nantucket 0 |
TOP OF THE 2ND |
El Paso Texans batting - Pitching for Nantucket Orcas : RHP Rafael Ruíz
|
Batting: LHB John Fitzgerald
|
0-0: Foul Ball, location: 2F 0-1: Ball 1-1: Ball 2-1: Ball 3-1: Base on Balls
|
Batting: RHB Javier Álvarez
|
0-0: Ball 1-0: Grounds into double play, 4-6-3 (Groundball, 4)
|
Batting: RHB Andrew O'Dell
|
0-0: Swinging Strike 0-1: Ball 1-1: Foul Ball, location: 2F 1-2: Ball 2-2: Foul Ball, location: 2F 2-2: Ground out 6-3 (Groundball, 56)
|
Top of the 2nd over - 0 run(s), 0 hit(s), 0 error(s), 0 left on base; El Paso 0 - Nantucket 0 |
BOTTOM OF THE 2ND |
Nantucket Orcas batting - Pitching for El Paso Texans : RHP Fernando Guzmán
|
Batting: LHB Alfonso Vélez
|
0-0: Swinging Strike 0-1: Foul Ball, location: 2F 0-2: Foul Ball, location: 2F 0-2: Ball 1-2: Ball 2-2: Strikes out swinging
|
Batting: RHB Scotty Hicks
|
0-0: Called Strike 0-1: Called Strike 0-2: Foul Ball, location: 2F 0-2: Ball 1-2: Ball 2-2: Foul Ball, location: 2F 2-2: Ball 3-2: Ground out 5-3 (Groundball, 56)
|
Batting: RHB Curt O'Brian
|
0-0: Fly out, F9 (Flyball, 9S)
|
Bottom of the 2nd over - 0 run(s), 0 hit(s), 0 error(s), 0 left on base; El Paso 0 - Nantucket 0 |
TOP OF THE 3RD |
El Paso Texans batting - Pitching for Nantucket Orcas : RHP Rafael Ruíz
|
Batting: LHB Dave Tucker
|
0-0: Ball
|
|
|
|
1-0: Called Strike 1-1: Ball 2-1: Swinging Strike 2-2: Foul Ball, location: 2F 2-2: Ground out U3 (Groundball, 3L)
|
Batting: SHB Miguel Hurtado
|
0-0: Ground out U3 (Groundball, 3)
|
Batting: LHB Mark Spencer
|
0-0: Ball 1-0: Foul Ball, location: 2F 1-1: Ball 2-1: Swinging Strike 2-2: Strikes out swinging
|
Top of the 3rd over - 0 run(s), 0 hit(s), 0 error(s), 0 left on base; El Paso 0 - Nantucket 0 |
BOTTOM OF THE 3RD |
Nantucket Orcas batting - Pitching for El Paso Texans : RHP Fernando Guzmán
|
Batting: RHB Luis Cruz
|
0-0: Ball 1-0: Fly out, F9 (Flyball, 9S)
|
Batting: RHB Charlie Pérez
|
0-0: Swinging Strike 0-1: Ball 1-1: Foul Ball, location: 2F 1-2: Ball 2-2: Strikes out swinging
|
Batting: RHB Fernando Álvarez
|
0-0: Ball 1-0: Ball 2-0: Called Strike 2-1: Swinging Strike 2-2: Ground out U3 (Groundball, 34)
|
Bottom of the 3rd over - 0 run(s), 0 hit(s), 0 error(s), 0 left on base; El Paso 0 - Nantucket 0 |
TOP OF THE 4TH |
El Paso Texans batting - Pitching for Nantucket Orcas : RHP Rafael Ruíz
|
Batting: RHB Cole Boehmer
|
0-0: Called Strike 0-1: Ball 1-1: Foul Ball, location: 2F 1-2: Ball 2-2: Strikes out swinging
|
Batting: RHB Marvin Johnson
|
0-0: Called Strike 0-1: Swinging Strike 0-2: Ball 1-2: Ball 2-2: Ball 3-2: Foul Ball, location: 2F 3-2: Fly out, F7 (Flyball, 7)
|
Batting: RHB José Murillo
|
0-0: Swinging Strike 0-1: SINGLE (Flyball, 7LM)
|
Batting: LHB John Fitzgerald
|
0-0: Called Strike 0-1: Ball 1-1: Fielders Choice at 2nd, 6-4 (Groundball, 6)
|
Top of the 4th over - 0 run(s), 1 hit(s), 0 error(s), 0 left on base; El Paso 0 - Nantucket 0 |
BOTTOM OF THE 4TH |
Nantucket Orcas batting - Pitching for El Paso Texans : RHP Fernando Guzmán
|
Batting: LHB Eugene Lee
|
0-0: Called Strike 0-1: SINGLE (Flyball, 9S)
|
Batting: RHB Mike Willis
|
0-0: Foul Ball, location: 2F 0-1: Ball 1-1: Ball 2-1: Ball 3-1: Grounds into double play, 4-6-3 (Groundball, 34)
|
Batting: LHB Juan Lima
|
0-0: Called Strike 0-1: Ball 1-1: SOLO HOME RUN (Flyball, 9D), Distance : 365 ft
|
Batting: LHB Alfonso Vélez
|
0-0: Called Strike 0-1: Called Strike 0-2: Strikes out swinging
|
Bottom of the 4th over - 1 run(s), 2 hit(s), 0 error(s), 0 left on base; El Paso 0 - Nantucket 1 |
TOP OF THE 5TH |
El Paso Texans batting - Pitching for Nantucket Orcas : RHP Rafael Ruíz
|
Batting: RHB Javier Álvarez
|
0-0: Ball 1-0: Ball 2-0: Called Strike 2-1: Foul Ball, location: 2F 2-2: Fly out, F8 (Flyball, 89M)
|
Batting: RHB Andrew O'Dell
|
0-0: Called Strike 0-1: Ground out 4-3 (Groundball, 4M)
|
Batting: LHB Dave Tucker
|
0-0: Called Strike 0-1: Ball 1-1: Ball 2-1: Ball 3-1: DOUBLE (Flyball, 8RXD)
|
Batting: SHB Miguel Hurtado
|
0-0: Ground out 4-3 (Groundball, 4MD)
|
Top of the 5th over - 0 run(s), 1 hit(s), 0 error(s), 1 left on base; El Paso 0 - Nantucket 1 |
BOTTOM OF THE 5TH |
Nantucket Orcas batting - Pitching for El Paso Texans : RHP Fernando Guzmán
|
Batting: RHB Scotty Hicks
|
0-0: Ball 1-0: Ball 2-0: Called Strike 2-1: Fly out, F7 (Flyball, 7S)
|
Batting: RHB Curt O'Brian
|
0-0: Called Strike 0-1: Swinging Strike 0-2: Ball 1-2: Ball 2-2: Ball 3-2: Strikes out swinging
|
Batting: RHB Luis Cruz
|
0-0: Called Strike 0-1: Called Strike 0-2: Ball 1-2: Strikes out swinging
|
Bottom of the 5th over - 0 run(s), 0 hit(s), 0 error(s), 0 left on base; El Paso 0 - Nantucket 1 |
TOP OF THE 6TH |
El Paso Texans batting - Pitching for Nantucket Orcas : RHP Rafael Ruíz
|
Batting: LHB Mark Spencer
|
0-0: Ball 1-0: Swinging Strike 1-1: Foul Ball, location: 2F 1-2: Ball 2-2: Fly out, F9 (Flyball, 9LM)
|
Batting: RHB Cole Boehmer
|
0-0: Foul Ball, location: 2F 0-1: Ball 1-1: Ground out 6-3 (Groundball, 56)
|
Batting: RHB Marvin Johnson
|
0-0: Ball 1-0: Ball 2-0: Fly out, F8 (Flyball, 8LS)
|
Top of the 6th over - 0 run(s), 0 hit(s), 0 error(s), 0 left on base; El Paso 0 - Nantucket 1 |
BOTTOM OF THE 6TH |
Nantucket Orcas batting - Pitching for El Paso Texans : RHP Fernando Guzmán
|
Batting: RHB Charlie Pérez
|
0-0: Ball 1-0: Ball 2-0: Ground out 4-3 (Groundball, 4)
|
Batting: RHB Fernando Álvarez
|
0-0: Swinging Strike 0-1: Ball 1-1: Called Strike 1-2: Ball 2-2: Strikes out swinging, 2-3 out at first.
|
Batting: LHB Eugene Lee
|
0-0: Ground out 4-3 (Groundball, 4MS)
|
Bottom of the 6th over - 0 run(s), 0 hit(s), 0 error(s), 0 left on base; El Paso 0 - Nantucket 1 |
TOP OF THE 7TH |
El Paso Texans batting - Pitching for Nantucket Orcas : RHP Rafael Ruíz
|
Batting: RHB José Murillo
|
0-0: Called Strike 0-1: SINGLE (Line Drive, 7S)
|
Pitching: LHP José Rodríguez
|
|
Pinch Hitting: RHB John Wilson
|
0-0: Called Strike 0-1: Fly out, F8 (Flyball, 78D)
|
Pitching: RHP Bo Wagner
|
|
Batting: RHB Javier Álvarez
|
0-0: Ball 1-0: Swinging Strike 1-1: Ball 2-1: Grounds into double play, 5-4-3 (Groundball, 56)
|
Top of the 7th over - 0 run(s), 1 hit(s), 0 error(s), 0 left on base; El Paso 0 - Nantucket 1 |
BOTTOM OF THE 7TH |
Nantucket Orcas batting - Pitching for El Paso Texans : RHP Fernando Guzmán
|
Now at 1B: Cipriano Rangel
|
|
Batting: RHB Mike Willis
|
0-0: Ball 1-0: Ball 2-0: SOLO HOME RUN (Line Drive, 7D), Distance : 392 ft
|
Batting: LHB Juan Lima
|
0-0: Called Strike 0-1: SINGLE (Flyball, 4MD)
|
Batting: LHB Alfonso Vélez
|
0-0: Ball 1-0: Bunted foul 1-1: Bunted foul 1-2: Ball 2-2: Foul Ball, location: 2F 2-2: Ball 3-2: Fly out, F8 (Line Drive, 8LM)
|
Pitching: RHP Juan Villa
|
|
Batting: RHB Scotty Hicks
|
0-0: Called Strike 0-1: Ball 1-1: Foul Ball, location: 2F 1-2: Ball 2-2: Ball 3-2: Strikes out swinging
|
Batting: RHB Curt O'Brian
|
0-0: Ball 1-0: Called Strike 1-1: Called Strike 1-2: Strikes out looking
|
Bottom of the 7th over - 1 run(s), 2 hit(s), 0 error(s), 1 left on base; El Paso 0 - Nantucket 2 |
TOP OF THE 8TH |
El Paso Texans batting - Pitching for Nantucket Orcas : RHP Bo Wagner
|
Batting: RHB Andrew O'Dell
|
0-0: SINGLE (Line Drive, 89S)
|
Pitching: RHP Javier Soriano
|
|
Batting: LHB Dave Tucker
|
0-0: DOUBLE (Line Drive, 9LM) Andrew O'Dell to third
|
Pitching: LHP Armando Fuentes
|
|
Pinch Hitting: SHB Richie Gallegos
|
0-0: Called Strike 0-1: Ball 1-1: Ball 2-1: Ball 3-1: Called Strike 3-2: 3-RUN HOME RUN (Flyball, 78XD), Distance : 397 ft
|
Batting: LHB Mark Spencer
|
0-0: Called Strike 0-1: Called Strike 0-2: Ball 1-2: Ball 2-2: Foul Ball, location: 2F 2-2: Ball 3-2: Fly out, F9 (Line Drive, 9)
|
Batting: RHB Cole Boehmer
|
0-0: Ball 1-0: SINGLE (Groundball, 56D)
|
Batting: RHB Marvin Johnson
|
0-0: Foul Ball, location: 2F 0-1: Called Strike 0-2: Ball 1-2: Foul Ball, location: 2F 1-2: Ball 2-2: Foul Ball, location: 2F 2-2: Ball 3-2: Foul Ball, location: 2F 3-2: Base on Balls Cole Boehmer to second
|
Batting: RHB José Murillo
|
0-0: Called Strike 0-1: Swinging Strike 0-2: Ground out 6-3 (Groundball, 56D) Cole Boehmer to third Marvin Johnson to second
|
Pinch Hitting: SHB Oliver Riley
|
0-0: Swinging Strike 0-1: Ball 1-1: Called Strike 1-2: Ball 2-2: Ball 3-2: Foul Ball, location: 2F 3-2: Foul Ball, location: 2F 3-2: Base on Balls
|
Batting: RHB Javier Álvarez
|
0-0: Ball 1-0: Called Strike 1-1: Ball 2-1: Foul Ball, location: 2F 2-2: Ball 3-2: Fly out, F9 (Flyball, 9LM)
|
Top of the 8th over - 3 run(s), 4 hit(s), 0 error(s), 3 left on base; El Paso 3 - Nantucket 2 |
BOTTOM OF THE 8TH |
Nantucket Orcas batting - Pitching for El Paso Texans : RHP Juan Villa
|
Pitching: RHP Firmino Orsi
|
|
Now at 1B: Oliver Riley
|
|
Now at SS: Domingo Morales
|
|
Batting: RHB Luis Cruz
|
0-0: Ball 1-0: Ground out 4-3 (Groundball, 4)
|
Batting: RHB Charlie Pérez
|
0-0: Called Strike 0-1: Ground out 1-3 (Groundball, P)
|
Batting: RHB Fernando Álvarez
|
0-0: Called Strike 0-1: Foul Ball, location: 2F 0-2: Ball 1-2: Fly out, F4 (Line Drive, 4M)
|
Bottom of the 8th over - 0 run(s), 0 hit(s), 0 error(s), 0 left on base; El Paso 3 - Nantucket 2 |
TOP OF THE 9TH |
El Paso Texans batting - Pitching for Nantucket Orcas : LHP Armando Fuentes
|
Pitching: RHP Mathew Wilcox
|
|
Batting: RHB Andrew O'Dell
|
0-0: Foul Ball, location: 2F 0-1: Ball 1-1: Swinging Strike 1-2: Foul Ball, location: 2F 1-2: Fly out, F8 (Flyball, 8RS)
|
Batting: LHB Dave Tucker
|
0-0: Foul Ball, location: 2F 0-1: Ball 1-1: Foul Ball, location: 2F 1-2: Ground out 4-3 (Groundball, 4D)
|
Batting: RHB Domingo Morales
|
0-0: Ball 1-0: Swinging Strike 1-1: Foul Ball, location: 2F 1-2: Ball 2-2: Foul Ball, location: 2F 2-2: Foul Ball, location: 2F 2-2: Strikes out looking
|
Top of the 9th over - 0 run(s), 0 hit(s), 0 error(s), 0 left on base; El Paso 3 - Nantucket 2 |
BOTTOM OF THE 9TH |
Nantucket Orcas batting - Pitching for El Paso Texans : RHP Firmino Orsi
|
Pitching: RHP Cliff Wolfe
|
|
Batting: LHB Eugene Lee
|
0-0: Ball 1-0: Foul Ball, location: 2F 1-1: Ball 2-1: Called Strike 2-2: Foul Ball, location: 2F 2-2: Fly out, F4 (Popup, 34D)
|
Pinch Hitting: RHB Juan Gómez
|
0-0: Called Strike 0-1: Fly out, F6 (Popup, 6MD)
|
Batting: LHB Juan Lima
|
0-0: Fly out, F7 (Line Drive, 7S)
|
Bottom of the 9th over - 0 run(s), 0 hit(s), 0 error(s), 0 left on base; El Paso 3 - Nantucket 2 |
|
Tuesday, August 8th, 2017 - OOTP Baseball 17.12 Build 75
|
|